 Dungeon Crawl Stone Soup version 0.31-a0-986-g5e6e4ef867 (webtiles) character file.

Game seed: 9419531535383019710

7945 wildpjah the Skirmisher (level 11, -2/87 HPs)
             Began as a Barachi Hunter on Nov 22, 2023.
             Slain by Amaemon
             ... wielding a -2 demon whip of venom
              (4 damage)
             ... on level 8 of the Dungeon.
             The game lasted 00:20:43 (6319 turns).

wildpjah the Skirmisher (Barachi Hunter)            Turns: 6319, Time: 00:20:45

Health: -2/87      AC: 13    Str: 20    XL:     11   Next: 23%
Magic:  11/11      EV: 15    Int: 10    God:
Gold:   452        SH:  0    Dex: 24    Spells: 10/10 levels left

rFire   + + .        q - +9 mace "Eroagh" {drain, Dex+6 Stlth+}
rCold   x . .        (no shield)
rNeg    . . .        D - +0 fire dragon scales
rPois   .            u - +0 helmet
rElec   .            t - +0 cloak
rCorr   .            (no gloves)
SInv    .            (no boots)
Will    .....        v - amulet of regeneration
Stlth   ++           k - +6 ring of strength
HPRegen 1.14/turn    (no ring)
MPRegen 0.12/turn

%: no passive effects
@: lethally poisoned (-2 -> -20), hasted and slowed, slow
A: amphibious, slowness 1, strong legs 1, +LOS
a: Hop


You were on level 8 of the Dungeon.
You visited 1 branch of the dungeon, and saw 8 of its levels.
You also visited: Sewer.

You collected 452 gold pieces.

Inventory:

Hand Weapons
 d - a +0 falchion
 j - a +3 dagger of holy wrath
 q - the +9 mace "Eroagh" (weapon) {drain, Dex+6 Stlth+}
   (You found it on level 5 of the Dungeon)

   Dex+6:     It affects your dexterity (+6).
   Stlth+:    It makes you more stealthy.
 A - a +0 orcbow
Armour
 c - a +0 leather armour
 n - the +2 leather armour of Oblivion {rElec rCorr Str+2 Int+2}
   (You found it on level 2 of the Dungeon)

   Str+2:     It affects your strength (+2).
   Int+2:     It affects your intelligence (+2).
   rElec:     It insulates you from electricity.
   rCorr:     It protects you from acid and corrosion.
 t - a +0 cloak (worn)
 u - a +0 helmet (worn)
 D - +0 fire dragon scales (worn)
Jewellery
 k - a +6 ring of strength (left hand)
 v - an amulet of regeneration (around neck)
Wands
 i - a wand of flame (29)
 y - a wand of mindburst (18)
 z - a wand of digging (1)
Scrolls
 a - a scroll of torment {unknown}
 b - a scroll of butterflies
 e - 2 scrolls of poison
 f - 2 scrolls of teleportation
 h - 2 scrolls of blinking
 m - a scroll of amnesia
 p - 2 scrolls of immolation {unknown}
 r - 2 scrolls of fear {unknown}
 C - a scroll of identify
Potions
 g - a potion of ambrosia
 l - a potion of brilliance {unknown}
 o - 3 potions of lignification {unknown}
 s - a potion of resistance {unknown}
 w - 4 potions of mutation {unknown}
 x - a potion of invisibility {unknown}


   Skills:
 + Level 8.4 Fighting
 + Level 3.7 Long Blades
 + Level 6.5 Maces & Flails
 + Level 10.8 Ranged Weapons
 + Level 7.7 Armour
 + Level 8.2 Dodging
 + Level 1.9 Stealth


You had 10 spell levels left.
You didn't know any spells.
Your spell library contained the following spells:

 Spells                   Type           Power      Damage    Failure   Level
 Scorch                   Fire           0%         2d5       87%         2
 Gell's Gravitas          Tloc           0%         N/A       98%         3
 Stone Arrow              Conj/Erth      0%         3d7       98%         3
 Teleport Other           Tloc           0%         N/A       98%         3
 Animate Armour           Summ/Erth      0%         N/A       100%        4
 Flame Wave               Conj/Fire      0%         2d4       100%        4
 Alistair's Intoxication  Tmut/Pois      0%         N/A       100%        5
 Borgnjor's Vile Clutch   Necr/Erth      0%         N/A       100%        5
 Summon Forest            Summ/Tloc      0%         N/A       100%        5
 Dispersal                Tloc           0%         N/A       100%        6
 Eringya's Noxious Bog    Tmut/Pois      0%         4d6       100%        6
 Summon Cactus Giant      Summ           0%         N/A       100%        6
 Summon Hydra             Summ           0%         N/A       100%        7
 Lehudib's Crystal Spear  Conj/Erth      0%         10d2      100%        8


Dungeon Overview and Level Annotations

Branches:
Dungeon (8/15)              Sewer (visited)
 Temple: D:4-7         Lair: D:8-11

Altars:
Ashenzari
Elyvilon
Okawaru
Uskayaw
Xom
Yredelemnul

Portals:
Abyss: D:4

Annotations:
D:4 2 transporters, Sirjeffry24's ghost, weakling TeAE
D:8 Amaemon


Innate Abilities, Weirdness & Mutations

You are amphibious.
You cover ground slowly.
You can hop short distances.
You have an extended range of vision and can be seen from far away.


Message History

Amaemon tail-slaps you but does no damage.
You sock Amaemon! You drain Amaemon.
Amaemon is heavily wounded.
You feel very sick. The orange demon misses you. Amaemon misses you.
Amaemon claws you but does no damage. Amaemon tail-slaps you.
You are more poisoned.
Amaemon poisons you! The orange demon misses you.
You barely miss Amaemon.
Amaemon is heavily wounded.
You feel very sick. Amaemon hits you but does no damage.
You are more poisoned.
Amaemon claws you but does no damage.
Amaemon tail-slaps you but does no damage.
The orange demon stings you from afar.
You hit Amaemon. You drain Amaemon. You punch Amaemon.
Amaemon is severely wounded.
You feel extremely sick. Amaemon closely misses you. Amaemon claws you.
Amaemon completely misses you. The orange demon stings you from afar!
You sock Amaemon!
Amaemon is severely wounded.
You feel very sick. Amaemon barely misses you.
Amaemon claws you but does no damage.
Amaemon tail-slaps you but does no damage.
The orange demon stings you from afar!
* * * LOW HITPOINT WARNING * * *
You are lethally poisoned!
You have difficulty breathing.
* * * LOW HITPOINT WARNING * * *
You feel yourself slow down.
You feel yourself speed up.
* * * LOW HITPOINT WARNING * * *
You feel extremely sick.
Amaemon hits you with a -2 demon whip of venom.
* * * LOW HITPOINT WARNING * * *
You are more poisoned.
Amaemon claws you.
You die...

............ .#....####$.
.#.†..# ..# ##....######
..# ###.......[# ..# #
#...#....# #.# #...#....#
#.# ##..# ...# #.### ##
#..####.###.#@# ..
.####..........#6# ....
...###..........4##......
....####.......#$........
###..# ####....####......
.##..## ####.# .$...
..#...# ###...# ....
..#...# ##.....# ###
......###......#


You could see Amaemon (very drained) and an orange demon (curare).

Vanquished Creatures
  Erica (D:8)
  A two-headed ogre (D:8)
  A hornet (D:6)
  A wraith (D:8)
  14 yaks (D:8)
  2 steam dragons
  An acid dragon (D:8)
  3 sky beasts
  4 orc warriors
  A black bear (D:5)
  5 ice beasts
  4 ogres
  3 centaurs
  2 kobold brigands (D:8)
  5 bullfrogs
  A gnoll sergeant (D:8)
  5 scorpions
  4 wights
  6 killer bees (D:7)
  A howler monkey (D:4)
  4 hounds
  An orc priest (D:5)
  4 jellies
  A sleepcap (D:5)
  3 iguanas
  Ijyb (D:3)
  Natasha (thrice) (D:3)
  3 orc wizards
  4 gnolls
  12 adders
  A river rat (D:5)
  3 shadow imps
  2 white imps
  An ufetubus (D:5)
  4 worms
  6 dart slugs
  17 orcs
  7 ball pythons
  11 endoplasms
  12 giant cockroaches
  8 goblins
  5 hobgoblins
  3 jackals (D:5)
  14 quokkas
  4 bats
  12 frilled lizards
  26 kobolds
  7 rats
244 creatures vanquished.

Vanquished Creatures (collateral kills)
  2 adders (D:5)
  An ufetubus (D:5)
3 creatures vanquished.

Vanquished Creatures (others)
  An orc wizard (D:5)
1 creature vanquished.

Grand Total: 248 creatures vanquished

Notes
Turn   | Place    | Note
-------+----------+-------------------------------------------
     0 | D:1      | wildpjah the Barachi Hunter began the quest for the Orb.
     0 | D:1      | Reached XP level 1. HP: 17/17 MP: 1/1
    53 | D:1      | Reached XP level 2. HP: 23/23 MP: 2/2
   264 | D:1      | Reached XP level 3. HP: 27/28 MP: 3/3
   470 | D:1      | Reached skill level 5 in Ranged Weapons
   642 | D:2      | Found a faded altar of an unknown god.
   692 | D:2      | Identified the +2 leather armour of Oblivion {rElec rCorr
                  | Str+2 Int+2}
   834 | D:2      | Reached XP level 4. HP: 34/34 MP: 4/4
  1242 | D:3      | Noticed Ijyb
  1285 | D:3      | Killed Ijyb
  1378 | D:3      | Reached XP level 5. HP: 41/41 MP: 5/5
  1418 | D:3      | Noticed Natasha
  1421 | D:3      | Killed Natasha
  1422 | D:3      | Reached skill level 6 in Ranged Weapons
  1516 | D:3      | Noticed Natasha
  1522 | D:3      | Killed Natasha
  1713 | D:3      | Noticed Natasha
  1718 | D:3      | Killed Natasha
  2139 | D:4      | Found a transporter.
  2143 | D:4      | Noticed an ogre
  2151 | D:4      | Killed an ogre
  2152 | D:4      | Reached skill level 1 in Armour
  2152 | D:4      | Reached XP level 6. HP: 47/47 MP: 6/6
  2193 | D:4      | Reached skill level 7 in Ranged Weapons
  2224 | D:4      | Found a basalt altar of Yredelemnul.
  2302 | D:4      | Found a one-way gate to the infinite horrors of the Abyss.
  2302 | D:4      | Noticed Sirjeffry24's ghost (weakling TeAE)
  2306 | D:4      | Found a transporter.
  2420 | D:4      | Reached skill level 1 in Stealth
  2536 | D:4      | Reached XP level 7. HP: 38/54 MP: 7/7
  2687 | D:4      | Found a white marble altar of Elyvilon.
  2836 | D:5      | Entered Level 5 of the Dungeon
  2993 | D:5      | Found a glowing drain.
  3007 | Sewer    | Entered a sewer
  3103 | Sewer    | Reached skill level 8 in Ranged Weapons
  3480 | D:5      | Identified a scroll of acquirement
  3480 | D:5      | Acquired a +6 ring of strength
  3512 | D:5      | Reached XP level 8. HP: 51/61 MP: 8/8
  3591 | D:5      | Reached skill level 5 in Fighting
  3591 | D:5      | Reached skill level 1 in Long Blades
  3727 | D:5      | Identified the +9 mace "Eroagh" {drain, Dex+6 Stlth+}
  4147 | D:6      | Reached skill level 5 in Dodging
  4147 | D:6      | Reached XP level 9. HP: 66/68 MP: 9/9
  4176 | D:6      | Reached skill level 9 in Ranged Weapons
  4313 | D:6      | Reached skill level 1 in Maces & Flails
  4335 | D:6      | Reached skill level 5 in Armour
  4508 | D:6      | Found a broken altar of Ashenzari.
  4511 | D:6      | Found a hide-covered altar of Uskayaw.
  4514 | D:6      | Found a shimmering altar of Xom.
  4680 | D:7      | Noticed a hornet
  4690 | D:6      | Paralysed by a hornet for 1 turns
  4691 | D:6      | Killed a hornet
  4906 | D:7      | Reached XP level 10. HP: 61/77 MP: 10/10
  5464 | D:8      | Noticed Erica
  5491 | D:8      | Reached skill level 10 in Ranged Weapons
  5506 | D:8      | Killed Erica
  5507 | D:8      | Reached skill level 5 in Maces & Flails
  5891 | D:8      | Reached XP level 11. HP: 82/86 MP: 11/11
  5948 | D:8      | Noticed a two-headed ogre
  5993 | D:8      | Killed a two-headed ogre
  6144 | D:8      | Found an iron altar of Okawaru.
  6302 | D:8      | Noticed Amaemon
  6319 | D:8      | HP: 4/87 [poisoned by orange demon (concentrated venom)]
  6319 | D:8      | Slain by Amaemon

Illustrated notes

Levels and vault maps discovered:
D:1:      lightli_arrival_statue_moat, layout_rooms
D:2:      layout_rooms, ebering_ecumenical_altar_rust, serial_glass,
          glass_columns_c, glass_columns_c
D:3:      layout_basic, nrook_loot_triangle, minivault_5, st_stairs_6,
          corexii_hall_statues_l, uniq_natasha, uniq_ijyb
D:4:      layout_gridville, kennysheep_ying_yang, gammafunk_ghost_abyssal_escape
D:5:      minmay_clustersquares, layout_loops_ring, gup_sewer_entry_bubbles,
          amethyst_killhole, nicolae_letterblocks [nicolae_letter_subblock,
          nicolae_letter_subblock, nicolae_letter_subblock,
          nicolae_letter_subblock, nicolae_letter_subblock,
          nicolae_letter_subblock, nicolae_letter_subblock,
          nicolae_letter_subblock, nicolae_letter_subblock,
          nicolae_letter_subblock, nicolae_letter_subblock,
          nicolae_letter_subblock, nicolae_letter_subblock,
          nicolae_letter_subblock, nicolae_letter_subblock,
          nicolae_letter_subblock, nicolae_letter_subblock,
          nicolae_letter_subblock, nicolae_letter_subblock,
          nicolae_letter_subblock, nicolae_letter_subblock,
          nicolae_letter_subblock, nicolae_letter_subblock,
          nicolae_letter_subblock, nicolae_letter_subblock]
D:6:      minmay_diamond_boxcup, layout_cave_pools,
          minmay_overflow_temple_star_quad
D:7:      layout_loops_ring, minmay_temple_entry_from_below_a
D:8:      minmay_recursive_quarters, layout_loops_ring,
          minmay_stone_trees_small, kennysheep_diamond, grunt_ministairs_13,
          columned_hall_lemuel, uniq_amaemon, uniq_erica

Skill      XL: |  1  2  3  4  5  6  7  8  9 10 11 |
---------------+----------------------------------+-----
Ranged Weapons | 5 6 7 8 9 10 | 10.8
Fighting       | 3 4 5 6 8 |  8.4
Armour         | 1 2 4 5 7 |  7.7
Stealth        | 1 |  1.9
Dodging        | 3 5 6 7 8 |  8.2
Long Blades    | 3 |  3.7
Maces & Flails | 3 5 6 |  6.5

Action                     |  1- 3 |  4- 6 |  7- 9 | 10-12 || total
---------------------------+-------+-------+-------+-------++-------
  Melee: Shortbow          |       |     1 |       |       ||     1
         Falchion          |       |       |   122 |       ||   122
         Mace              |       |       |    73 |   156 ||   229
         Punch             |       |       |     6 |     3 ||     9
   Fire: Shortbow          |   111 |   214 |   239 |       ||   564
         Orcbow            |       |       |    32 |   116 ||   148
Ability: Hop               |       |     2 |     2 |       ||     4
    Use: Potion            |       |     3 |     2 |     1 ||     6
         Scroll            |       |     1 |     8 |       ||     9
 Armour: Leather armour    |    20 |    48 |   254 |    76 ||   398
         Fire dragon scale |       |       |       |    23 ||    23
  Dodge: Dodged            |    38 |    45 |   349 |   148 ||   580

Table legend: (Time is in decaauts)
 A = Elapsed time spent in this place.
 B = Non-inter-level travel time spent in this place.
 C = Inter-level travel time spent in this place.
 D = Time resting spent in this place.
 E = Time spent auto-exploring this place.
 F = Levels seen in this place.
 G = Mean time per level.
                   A        B        C        D        E       F      G
               +--------+--------+--------+--------+--------+-----+--------+
         Total |   7313 |   7156 |    157 |      0 |   5268 |   9 |  812.6 |
       Dungeon |   6999 |   6842 |    157 |      0 |   5131 |   8 |  874.9 |
         Sewer |    313 |    313 |      0 |      0 |    136 |   1 |  313.0 |
               +--------+--------+--------+--------+--------+-----+--------+

Top non-repeatable levels by time:
     D:3: 1187 daAuts
     D:5: 1140 daAuts
     D:8: 973 daAuts
     D:7: 872 daAuts
     D:4: 872 daAuts
     D:6: 713 daAuts
     D:2: 646 daAuts
     D:1: 593 daAuts
   Sewer: 313 daAuts
